 Dungeon Crawl Stone Soup version 0.18-a0-946-g3ac5b32 (webtiles) character file.

732 Yawgmoth the Firebug (level 7, 0/52 HPs)
             Began as a Mummy Fire Elementalist on Dec 29, 2015.
             Slain by a gnoll
             ... wielding a +0 halberd
              (5 damage)
             ... on level 6 of the Dungeon.
             The game lasted 00:25:50 (6164 turns).

Yawgmoth the Firebug (Mummy Fire Elementalist)      Turns: 6164, Time: 00:25:50

Health: 0/52       AC:  9    Str: 12    XL:     7   Next: 45%
Magic:  8/12       EV: 10    Int: 16    God:
Gold:   271        SH:  0    Dex: 12    Spells: 2 memorised, 7 levels left

rFire  . . .     SeeInvis +     d - +0 hunting sling
rCold  . . .     Gourm    .     x - +0 ring mail
rNeg   + + +     Faith    .     (no shield)
rPois  ∞         Spirit   .     f - +1 hat
rElec  .         Dismiss  .     (no cloak)
rCorr  .         Reflect  .     h - +0 pair of gloves
SustAt .         Harm     .     g - +1 pair of boots
MR     .....                    (no amulet)
Stlth  +.........               r - ring of fire
                                k - ring of see invisible

@: not resistant to hostile enchantments, very unstealthy
A: no food or potions, fire vulnerability, cold resistance 1, negative energy
resistance 3, torment resistance, unbreathing
a: no special abilities


You were on level 6 of the Dungeon.
You were not hungry.

You visited 1 branch of the dungeon, and saw 6 of its levels.

You collected 271 gold pieces.

Inventory:

Hand Weapons
 d - a +0 hunting sling (weapon)
 e - a +0 whip
 o - a +0 club
 p - a +0 hunting sling
 q - a +0 dagger of draining
 t - a +0 dagger of speed
Missiles
 n - 42 stones (quivered)
 v - a throwing net
 w - 7 tomahawks
 z - 45 sling bullets
Armour
 a - a +0 robe
 f - a +1 hat (worn)
 g - a +1 pair of boots (worn)
 h - a +0 pair of gloves (worn)
 m - a +0 leather armour
 x - a +0 ring mail (worn)
Jewellery
 k - a ring of see invisible (left hand)
 l - an uncursed amulet of faith
 r - a ring of fire (right hand)
Wands
 s - a wand of magic darts (18/48)
Scrolls
 i - 3 scrolls of identify
 j - 5 scrolls of teleportation
Potions
 c - a potion of resistance
Books
 b - a book of Flames

   Spells                             Type                      Level
   a - Flame Tongue                   Conjuration/Fire             1
   b - Throw Flame                    Conjuration/Fire             2
   c - Conjure Flame                  Conjuration/Fire             3
   d - Inner Flame                    Hexes/Fire                   3
   e - Sticky Flame                   Conjuration/Fire             4
   f - Fireball                       Conjuration/Fire             5


   Skills:
 + Level 3.6 Fighting
 - Level 1.5 Dodging
 - Level 1.5 Stealth
 + Level 3.8 Spellcasting
 + Level 3.1 Conjurations
 * Level 4.8 Fire Magic


You had 7 spell levels left.
You knew the following spells:

 Your Spells              Type           Power        Failure   Level  Hunger
a - Flame Tongue          Conj/Fire      ###..        10%         1    N/A
b - Fireball              Conj/Fire      ###.......   99%         5    N/A

Dungeon Overview and Level Annotations

Branches:
Dungeon (6/15)
 Temple: D:4-7

Altars:
Cheibriados
Fedhas
Gozag
Kikubaaqudgha

Annotations:
D:5 Blork the orc, Dowan, Duvessa


Innate Abilities, Weirdness & Mutations

You do not eat or drink.
Your flesh is vulnerable to fire.
You are immune to poison.
Your flesh is cold resistant.
You are immune to negative energy.
You are immune to unholy pain and torment.
You can survive without breathing.


Message History

a gnoll corpse x2
You climb downwards.
The giant frog hits you but does no damage.
The giant frog barely misses you.
The worker ant bites you but does no damage.
The gnoll completely misses you. The gnoll hits you but does no damage.
Your magical contamination has completely faded away.
There is a stone staircase leading up here.
The giant frog hits you.
* * * LOW HITPOINT WARNING * * *
The gnoll closely misses you. The giant frog hits you.
* * * LOW HITPOINT WARNING * * *
The gnoll barely misses you.
The giant frog hits you but does no damage.
The gnoll closely misses you.
The worker ant bites you but does no damage.
The giant frog closely misses you.
The giant frog hits you but does no damage.
The gnoll hits you from afar with a halberd.
You die...

######....#
.........
.###......#
..........#
#...g.<#
#..Za..#
###g##.#
#F##.###.
#@.......
#.........###.
##.########


You could see a giant frog, a worker ant, 2 gnolls and a giant frog zombie.

Vanquished Creatures
  Grinder (D:5)
  An ice beast (D:5)
  An ogre (D:4)
  A hound (D:5)
  An orc priest (D:5)
  2 orc wizards (D:5)
  3 worker ants (D:4)
  Robin (D:4)
  2 gnolls (D:5)
  5 adders
  An ooze (D:3)
  6 worms
  An adder skeleton (D:4)
  3 giant geckos
  3 orcs
  A ball python (D:3)
  9 bats
  6 hobgoblins
  5 jackals
  2 quokkas
  5 giant cockroaches
  3 giant newts
  15 goblins
  7 kobolds
  6 rats
91 creatures vanquished.

Notes
Turn   | Place    | Note
--------------------------------------------------------------
     0 | D:1      | Yawgmoth the Mummy Fire Elementalist began the quest for the Orb.
     0 | D:1      | Reached XP level 1. HP: 13/13 MP: 3/3
     3 | D:1      | Noticed an electric eel
    17 | D:1      | Noticed an electric eel
   341 | D:1      | Reached skill level 1 in Conjurations
   457 | D:1      | Reached XP level 2. HP: 18/20 MP: 0/5
  1297 | D:2      | Found an ancient bone altar of Kikubaaqudgha.
  1298 | D:2      | Found a blossoming altar of Fedhas.
  1304 | D:2      | Reached skill level 1 in Fighting
  1446 | D:2      | Reached XP level 3. HP: 26/26 MP: 3/6
  2396 | D:2      | Found an opulent altar of Gozag.
  2553 | D:3      | Reached skill level 3 in Fire Magic
  2565 | D:3      | Reached XP level 4. HP: 32/32 MP: 4/7
  3581 | D:3      | Found a faded altar to an unknown god.
  3738 | D:4      | Noticed Robin
  3919 | D:4      | Killed Robin
  3919 | D:4      | Reached XP level 5. HP: 24/38 MP: 2/9
  4084 | D:4      | Noticed an ogre
  4092 | D:4      | Killed an ogre
  4604 | D:4      | Reached XP level 6. HP: 46/46 MP: 6/10
  4956 | D:4      | Learned a level 5 spell: Fireball
  5051 | D:4      | Found a snail-covered altar of Cheibriados.
  5120 | D:5      | Entered Level 5 of the Dungeon
  5128 | D:5      | Noticed Grinder
  5128 | D:5      | Reached skill level 4 in Fire Magic
  5672 | D:5      | Reached XP level 7. HP: 46/52 MP: 8/12
  5738 | D:5      | Paralysed by Grinder for 6 turns
  5749 | D:5      | Killed Grinder
  5829 | D:5      | Found an opulent altar of Gozag.
  5829 | D:5      | Noticed Blork the orc
  5831 | D:5      | Noticed Duvessa
  6125 | D:5      | Noticed Dowan
  6164 | D:6      | Slain by a gnoll

Vault maps used:
D:1:      arrival_aquarium_b
D:2:      grunt_temple_overflow_growth_and_decay,
          nicolae_overflow_hidden_temple, serial_forest,
          infiniplex_forest_clump_cross, infiniplex_forest_diagonal,
          infiniplex_forest_lined_1, infiniplex_forest_clump_medium,
          grunt_decor_arrowhead
D:3:      ecumenical_altar_1, serial_glass, glass_columns_c, glass_columns_c,
          grunt_ministairs_10
D:4:      chei_slow_surprise, uniq_robin
D:5:      overflow_temple_1_default, minmay_temple_entry_hall, basic_altar,
          first_bread, minmay_joined_circles, uniq_grinder, uniq_blork_the_orc,
          uniq_duvessa
D:6:      lemuel_doored_altar, lemuel_coloured_pillars_altar

Action                   |  1- 3 |  4- 6 |  7- 9 || total
-------------------------+-------+-------+-------++-------
Melee: Whip              |    14 |     1 |       ||    15
       Unarmed           |     1 |       |       ||     1
       Rapier            |       |     8 |       ||     8
       Dagger            |       |     1 |       ||     1
 Fire: Hunting sling     |    36 |    40 |     6 ||    82
 Cast: Flame Tongue      |    58 |   120 |    22 ||   200
  Use: Scroll            |       |     7 |       ||     7
